 Dungeon Crawl Stone Soup version 0.24-a0-169-g71aafec (webtiles) character file.

Game seed: 5006233537124016173

15754 galech the Cleaver (level 12, -3/91 HPs)
             Began as a Demonspawn Fighter on Mar 7, 2019.
             Was a Believer of Okawaru.
             Engulfed by an ice statue's freezing vapour (21 damage)
             ... in a Gauntlet.
             The game lasted 00:18:18 (12875 turns).

galech the Cleaver (Demonspawn Fighter)            Turns: 12875, Time: 00:18:19

Health: -3/91      AC: 32    Str: 16    XL:     12   Next: 4%
Magic:  12/12      EV: 10    Int: 10    God:    Okawaru [**....]
Gold:   802        SH: 12    Dex: 18    Spells: 11/11 levels left

rFire    . . .     SeeInvis .   M - +2 hand axe (elec)
rCold    . . .     Gourm    .   c - +0 shield
rNeg     . . .     Faith    .   z - +3 chain mail
rPois    .         Spirit   .   R - +2 hat {MR+}
rElec    .         Reflect  .   x - +2 cloak
rCorr    .         Harm     .   B - +0 pair of gloves
MR       +....     NoTele   +   (no boots)
Stlth    ..........             (no amulet)
HPRegen  0.25/turn              j - +3 ring of protection
MPRegen  0.13/turn              P - +3 ring of evasion

@: sanguine armour
A: spiny 2, sanguine armour 2
a: Heroism, Renounce Religion


You were in a Gauntlet.
You worshipped Okawaru.
Okawaru was pleased with you.
You were not hungry.

You visited 2 branches of the dungeon, and saw 12 of its levels.
You also visited: Ossuary, Bailey and Gauntlet.

You collected 802 gold pieces.

Inventory:

Hand Weapons
 a - a +0 war axe
 H - a +1 hand axe of chopping
 K - a +0 falchion of flaming
 M - a +2 hand axe of electrocution (weapon)
Armour
 c - a +0 shield (worn)
 q - a scarf of repulsion
 t - a scarf of spirit shield
 x - a +2 cloak (worn)
 z - a +3 chain mail (worn)
 B - a +0 pair of gloves (worn)
 R - a +2 hat of magic resistance (worn)
 U - a +2 robe of fire resistance
Jewellery
 j - a +3 ring of protection (left hand)
 m - an uncursed ring of wizardry
 y - an uncursed ring of poison resistance
 P - a +3 ring of evasion (right hand)
 W - an uncursed ring of protection from cold
Scrolls
 b - 4 scrolls of immolation
 d - a scroll of acquirement {unknown}
 g - 7 scrolls of teleportation
 i - 4 scrolls of remove curse
 o - 5 scrolls of random uselessness
 p - 3 scrolls of fog
 v - 2 scrolls of noise
 w - a scroll of enchant armour
 E - a scroll of summoning {unknown}
 I - a scroll of magic mapping
 J - a scroll of blinking {unknown}
 L - 3 scrolls of fear {unknown}
 N - 3 scrolls of enchant weapon {unknown}
 S - a scroll of torment {unknown}
 T - a scroll of identify
 Z - a scroll of amnesia
Potions
 e - 3 potions of curing
 h - 3 potions of lignification {unknown}
 l - 3 potions of brilliance {unknown}
 n - 5 potions of degeneration {unknown}
 r - 3 potions of cancellation {unknown}
 s - 2 potions of mutation {unknown}
 A - 5 potions of flight
 C - a potion of agility {unknown}
 D - a potion of haste {unknown}
 F - a potion of invisibility {unknown}
 G - a potion of ambrosia {unknown}
 O - a potion of berserk rage {unknown}
Comestibles
 f - 21 rations


   Skills:
 + Level 7.4 Fighting
 + Level 0.2 Long Blades
 + Level 11.8 Axes
 + Level 8.1 Armour
 + Level 2.9 Dodging
 + Level 0.8 Stealth
 + Level 9.5 Shields


You had 11 spell levels left.
You didn't know any spells.
Your spell library contained the following spells:

 Spells                   Type           Power        Failure   Level  Hunger
 Corona                   Hex            #......      100%        1    ##.....
 Ensorcelled Hibernation  Hex/Ice        #.....       100%        2    ###....
 Slow                     Hex            #.......     100%        2    ###....
 Confuse                  Hex            #.......     100%        3    ####...
 Dazzling Spray           Conj/Hex       #.....       100%        3    ####...
 Inner Flame              Hex/Fire       #.......     100%        3    ####...
 Portal Projectile        Hex/Tloc       #.....       100%        3    ####...
 Tukima's Dance           Hex            #.......     100%        3    ####...
 Cause Fear               Hex            #.........   100%        4    #####..
 Leda's Liquefaction      Hex/Erth       #.........   100%        4    #####..


Dungeon Overview and Level Annotations

Branches:
Dungeon (11/15)            Temple (1/1) D:6            Lair (0/6) D:9
    Orc: D:9-12

Altars:
Ashenzari
Cheibriados
Dithmenos
Elyvilon
Fedhas
Gozag
Hepliaklqana
Kikubaaqudgha
Makhleb
Nemelex Xobeh
Okawaru
Qazlal
Ru
Sif Muna
Trog
Uskayaw
Vehumet
Wu Jian
Xom
Yredelemnul
Zin
The Shining One

Shops:
D:8 !

Annotations:
D:6 3 runed translucent doors, Duffy's ghost, amateur NaGl Gauntlet 3 transporters, exclusion: 2 ice statues


Innate Abilities, Weirdness & Mutations

You are mostly covered in sharp spines.
When seriously injured, your bleeding wounds create thick armour. (AC +9)


Message History

You are engulfed in freezing vapours.
Your shield and chain mail prevent you from hitting the ice statue.
The ice statue is heavily damaged.
You closely miss the ice beast.
You are engulfed in freezing vapours.
You block the ice beast's attack.
You hit the ice statue but do no damage.
The ice statue is heavily damaged.
Your shield and chain mail prevent you from hitting the ice beast.
The ice statue gestures at you.
The freezing blast engulfs you but does no damage.
You block the ice beast's attack.
You slash the ice statue!
The ice statue is severely damaged.
You hit the ice beast but do no damage.
Lightning courses through the ice beast!
You are engulfed in freezing vapours.
* * * LOW HITPOINT WARNING * * *
Unknown command.
You are engulfed in freezing vapours.
You die...

....≈.............≈###
###...###########..#
..#...#..^..#...#..###
#.#...#.^##..#..#..#8#
..#####!.#..##..#..###
..#...#☼☼##..#..#..#
..#©.©#Y8#^©##..#©.###
#.#...#○☼##.^#..#..#8#
#.#####@○#..##..#..###
#.#...#☼^##..#..#..#
..#.8.#.○...#...#..#
###...###########..#8
...................##
..................≈#
####################
#8 #8 #8# #8# 8# ##
### ### #


You could see an ice statue and an ice beast.

Vanquished Creatures
  Gastronok (D:8)
  Erolcha (D:8)
  A hydra (D:8)
  2 two-headed ogres
  Sonja (D:10)
  An unseen horror (D:10)
  A cyclops (D:10)
  Maurice (D:8)
  Psyche (D:8)
  A rime drake (Gauntlet)
  2 trolls (D:9)
  A hornet (D:10)
  2 dream sheep (D:8)
  2 hippogriffs
  A wraith (D:10)
  2 yaks (D:8)
  3 wargs
  An ice beast (D:6)
  15 orc warriors
  4 sky beasts
  5 phantoms
  4 ogres
  2 necrophages
  13 centaurs
  5 big kobolds
  4 bullfrogs
  A scorpion (D:6)
  14 killer bees
  A wight (D:10)
  2 howler monkeys
  2 bullfrog zombies
  3 crimson imps
  3 centaur skeletons
  2 centaur zombies (Ossuary)
  4 jellies
  10 orc wizards
  2 bullfrog skeletons
  6 orc priests
  3 hounds
  7 iguanas
  8 worker ants
  2 big kobold zombies (Ossuary)
  2 hound zombies
  4 mummies (Ossuary)
  A hound skeleton (D:7)
  A worker ant zombie (D:7)
  Robin (D:3)
  9 adders
  A shadow imp (D:10)
  An ooze (D:4)
  6 worms
  3 dart slugs
  4 leopard geckos
  55 orcs
  6 giant cockroaches
  5 hobgoblins
  7 jackals
  3 quokkas
  10 bats
  6 frilled lizards
  3 gnoll zombies (Ossuary)
  20 goblins
  8 kobolds
  An orc zombie (Ossuary)
  A quokka zombie (D:9)
  8 rats
313 creatures vanquished.

Vanquished Creatures (others)
  A human (D:2)
1 creature vanquished.

Grand Total: 314 creatures vanquished

Notes
Turn   | Place    | Note
-------+----------+-------------------------------------------
     0 | D:1      | galech the Demonspawn Fighter began the quest for the Orb.
     0 | D:1      | Reached XP level 1. HP: 18/18 MP: 1/1
   110 | D:1      | Reached skill level 2 in Axes
   110 | D:1      | Gained mutation: When seriously injured, your bleeding
                  | wounds create armour. (AC +9) [demonic ancestry]
   110 | D:1      | Reached XP level 2. HP: 16/24 MP: 2/2
   193 | D:1      | Found a snail-covered altar of Cheibriados.
   721 | D:2      | Found a faded altar of an unknown god.
   759 | D:2      | Reached XP level 3. HP: 23/29 MP: 3/3
  1063 | D:2      | Found a stormy altar of Qazlal.
  1217 | D:2      | Gained mutation: You are partially covered in sharp spines.
                  | [demonic ancestry]
  1217 | D:2      | Reached XP level 4. HP: 29/35 MP: 4/4
  1440 | D:2      | Found a shimmering altar of Xom.
  1515 | D:2      | Found an ancient bone altar of Kikubaaqudgha.
  1516 | D:2      | Noticed a human
  1517 | D:2      | Killed a human
  1998 | D:3      | Noticed Robin
  2012 | D:3      | Killed Robin
  2012 | D:3      | Reached skill level 3 in Axes
  2577 | D:4      | Gained mutation: You are mostly covered in sharp spines.
                  | [demonic ancestry]
  2577 | D:4      | Reached XP level 5. HP: 35/41 MP: 5/5
  2644 | D:4      | Noticed an ogre
  2654 | D:4      | Killed an ogre
  2656 | D:4      | Reached skill level 4 in Axes
  2656 | D:4      | Reached XP level 6. HP: 31/47 MP: 4/6
  2689 | D:4      | Found a shattered altar of Ashenzari.
  3199 | D:4      | Found a sparkling altar of Nemelex Xobeh.
  3203 | D:4      | Found a deep blue altar of Sif Muna.
  3206 | D:4      | Found a basalt altar of Yredelemnul.
  3359 | D:5      | Entered Level 5 of the Dungeon
  3499 | D:5      | Reached skill level 5 in Axes
  3499 | D:5      | Reached XP level 7. HP: 30/53 MP: 7/7
  4280 | D:6      | Found a sand-covered staircase.
  4285 | Ossuary  | Entered an ossuary
  4591 | Ossuary  | Reached skill level 6 in Axes
  4591 | Ossuary  | Reached XP level 8. HP: 59/60 MP: 8/8
  4624 | D:6      | Found a staircase to the Ecumenical Temple.
  4633 | Temple   | Entered the Ecumenical Temple
  4707 | D:6      | Noticed a two-headed ogre
  4715 | D:6      | Killed a two-headed ogre
  4715 | D:6      | Reached skill level 7 in Axes
  4715 | D:6      | Reached skill level 5 in Shields
  4727 | D:6      | Reached skill level 8 in Axes
  4742 | D:6      | Reached XP level 9. HP: 24/67 MP: 9/9
  4744 | D:6      | Reached skill level 5 in Fighting
  4944 | D:6      | Found a runed translucent gate.
  4945 | D:6      | Found a runed translucent gate.
  4945 | D:6      | Found an opulent altar of Gozag.
  4946 | D:6      | Found a runed translucent gate.
  4946 | D:6      | Noticed a death knight
  4947 | D:6      | Noticed Duffy's ghost (amateur NaGl)
  5508 | D:7      | Reached skill level 5 in Armour
  5539 | D:7      | Reached skill level 1 in Dodging
  5695 | D:7      | Reached skill level 9 in Axes
  6389 | D:8      | Noticed Psyche
  6403 | D:8      | Killed Psyche
  6495 | D:8      | Found Lylanyog's Distillery.
  6591 | D:8      | Noticed Maurice
  6619 | D:8      | Killed Maurice
  6619 | D:8      | Reached XP level 10. HP: 63/76 MP: 10/10
  6655 | D:8      | Reached skill level 10 in Axes
  6682 | D:8      | Noticed Gastronok
  6696 | D:8      | Killed Gastronok
  6875 | D:8      | Found a flagged portal.
  6897 | Bailey   | Entered a bailey
  8396 | Bailey   | Gained mutation: When seriously injured, your bleeding
                  | wounds create thick armour. (AC +9) [demonic ancestry]
  8396 | Bailey   | Reached XP level 11. HP: 83/83 MP: 11/11
  8541 | D:8      | Found a shadowy altar of Dithmenos.
  8793 | D:8      | Reached skill level 11 in Axes
  8836 | D:8      | Noticed a two-headed hydra
  8843 | D:8      | Killed a one-headed hydra
  9341 | D:8      | Found a burning altar of Makhleb.
  9721 | D:9      | Found an iron altar of Okawaru.
  9732 | D:9      | Became a worshipper of Warmaster Okawaru
  9835 | D:9      | Noticed Erolcha
 10022 | D:8      | Killed Erolcha
 10144 | D:9      | Found a staircase to the Lair.
 10193 | D:9      | Found a hide-covered altar of Uskayaw.
 10602 | D:9      | Reached * piety under Okawaru
 10822 | D:10     | Entered Level 10 of the Dungeon
 10886 | D:10     | Found a sacrificial altar of Ru.
 10990 | D:10     | Noticed Sonja
 11012 | D:10     | Killed Sonja
 11012 | D:10     | Reached ** piety under Okawaru
 11240 | D:10     | Noticed a two-headed ogre
 11258 | D:10     | Killed an unseen horror
 11394 | D:10     | Killed a two-headed ogre
 12162 | D:10     | Got an ichor-stained leather armour
 12173 | D:10     | Identified the cursed +1 leather armour of the Blind
                  | Marksman {Regen+} (You found it on level 10 of the Dungeon)
 12431 | D:11     | Reached XP level 12. HP: 89/91 MP: 12/12
 12449 | D:11     | Found a gate leading to a gauntlet.
 12463 | Gauntlet | Entered a Gauntlet
 12463 | Gauntlet | Found a transporter.
 12463 | Gauntlet | Found a transporter.
 12474 | Gauntlet | Found a transporter.
 12481 | Gauntlet | Reached *** piety under Okawaru
 12543 | Gauntlet | Found a transporter.
 12875 | Gauntlet | Engulfed by an ice statue's freezing vapour

Levels and vault maps discovered:
D:1:      dpeg_arrival_brainrot, layout_rooms, cheibriados_altar_1
D:2:      layout_rooms, grunt_qazlal_clouds, lemuel_coloured_pillars_altar,
          chequers_ecumenical_altar_grove, minmay_misc_feat_hallway,
          minmay_splitting_lines, tgw_kikubaaqudgha
D:3:      layout_basic, kennysheep_generic_room_4, uniq_robin
D:4:      layout_loops_cross, nicolae_overflow_hidden_temple,
          minmay_overflow_temple_star_quad, first_ration
D:5:      layout_gridville
D:6:      layout_basic, minmay_temple_entry_hall, ebering_ghost_gozag,
          enter_ossuary_2
D:7:      layout_cave_pools, st_stairs_11
D:8:      layout_basic, grunt_dithmenos_shadows, kennysheep_mini,
          enter_bailey_3, serial_shops, shop, hangedman_ranch
          [blue_anna_fruit_fields], uniq_gastronok, uniq_maurice, uniq_psyche
D:9:      layout_basic, okawaru_trees_2, erik_lair_orcish_takeover, basic_altar,
          uniq_erolcha
D:10:     layout_basic, basic_altar, grunt_ministairs_7,
          minmay_fractal_squares_diagonal_5, uniq_sonja
D:11:     layout_gridville, gauntlet_entry_generic
Temple:   cyrus_circular_temple
Ossuary:  ossuary_crypta
Bailey:   bailey_polearm_flooded_kennysheep, bailey
Gauntlet: gammafunk_gauntlet_hard_choice [gammafunk_gauntlet_arena_teeth,
          gammafunk_gauntlet_arena_grid, nicolae_gauntlet_arena_grate_2,
          nicolae_gauntlet_swirl, gammafunk_gauntlet_arena_arrow_garden,
          nicolae_gauntlet_arena_blocks, gauntlet_exit_hidden_loot]

Skill      XL: |  1  2  3  4  5  6  7  8  9 10 11 12 |
---------------+-------------------------------------+-----
Axes           | 2 3 4 5 6 8 9 10 11 | 11.8
Shields        | 3 4 5 6 7 9 |  9.5
Armour         | 3 4 5 6 7 8 |  8.1
Fighting       | 4 6 7 |  7.4
Dodging        | 1 2 |  2.9
Long Blades    | |  0.2
Stealth        | |  0.8

Action                   |  1- 3 |  4- 6 |  7- 9 | 10-12 || total
-------------------------+-------+-------+-------+-------++-------
Melee: War axe           |   154 |   124 |   190 |       ||   468
       Hand axe          |       |       |    64 |   495 ||   559
       Falchion          |       |       |       |     8 ||     8
Invok: Heroism           |       |       |       |     1 ||     1
  Use: Scroll            |     1 |     3 |     4 |     5 ||    13
       Potion            |       |       |     1 |     5 ||     6
  Eat: Chunk             |     1 |     8 |    10 |    20 ||    39
Armor: Scale mail        |    45 |       |       |       ||    45
       Plate armour      |    51 |    87 |   174 |   106 ||   418
       Chain mail        |       |       |       |   125 ||   125
Dodge: Dodged            |    36 |    11 |    29 |   150 ||   226
       Deflected         |       |       |       |    20 ||    20
Block: Shield            |    91 |    63 |   101 |   301 ||   556

Table legend:
 A = Non-vault XP
 B = Vault XP
 C = Vault XP percentage of total XP
 D = Non-vault monster count
 E = Vault monster count
 F = Vault count percentage of total count
                 A         B        C        D         E       F
            +---------+---------+-------+---------+---------+-------
      Total |    9457 |   13050 |  58.0 |     206 |     107 |  34.2
            +---------+---------+-------+---------+---------+-------
        D:1 |      28 |       5 |  15.2 |      20 |       1 |   4.8
        D:2 |      67 |       0 |   0.0 |      17 |       0 |   0.0
        D:3 |      52 |      39 |  42.9 |      16 |      14 |  46.7
        D:4 |     278 |       0 |   0.0 |      11 |       0 |   0.0
        D:5 |     744 |       0 |   0.0 |      17 |       0 |   0.0
        D:6 |    1738 |       0 |   0.0 |      21 |       0 |   0.0
        D:7 |    1208 |     294 |  19.6 |      29 |       3 |   9.4
        D:8 |     882 |    6739 |  88.4 |      27 |      20 |  42.6
        D:9 |    1747 |     452 |  20.6 |      20 |       6 |  23.1
       D:10 |    2324 |    2626 |  53.1 |      25 |      11 |  30.6
       D:11 |     389 |       0 |   0.0 |       3 |       0 |   0.0
    Ossuary |       0 |     229 | 100.0 |       0 |      12 | 100.0
     Bailey |       0 |    2281 | 100.0 |       0 |      39 | 100.0
   Gauntlet |       0 |     385 | 100.0 |       0 |       1 | 100.0
            +---------+---------+-------+---------+---------+-------
